 Dungeon Crawl Stone Soup version 0.27-a0-909-g0721f309d1 (webtiles) character file.

Game seed: 11006670048643292282

3 EnegeticOcto the Magician (level 1, 0/15 HPs)
             Began as a Djinni Venom Mage on Apr 8, 2021.
             Slain by a hound (3 damage)
             ... on level 2 of the Dungeon.
             The game lasted 00:00:19 (50 turns).

EnegeticOcto the Magician (Djinni Venom Mage)         Turns: 50, Time: 00:00:19

Health: 0/15       AC:  2    Str:  7    XL:     1   Next: 50%
Gold:   15         EV: 12    Int: 16    God:
                   SH:  0    Dex: 13

rFire    + + .     SeeInvis .   (no weapon)
rCold    x . .     Faith    .   (no shield)
rNeg     . . .     Spirit   .   a - +0 robe
rPois    ∞         Reflect  .   (no helmet)
rElec    .         Harm     .   (no cloak)
rCorr    .         Rampage  .   (no gloves)
Will     .....                  (boots unavailable)
Stlth    ++........             (no amulet)
HPRegen  0.05/turn              (no ring)
MPRegen  0.00/turn              (no ring)

@: flying, very slightly contaminated
A: fire resistance 2, cold vulnerability 1, float, innate caster, hp casting,
extra vitality 1
a: no special abilities


You were on level 2 of the Dungeon.
You visited 1 branch of the dungeon, and saw 2 of its levels.

You collected 15 gold pieces.

Inventory:

Armour
 a - a +0 robe (worn)
Scrolls
 b - a scroll of teleportation {unknown}
 c - a scroll of identify {unknown}


   Skills:
 - Level 2.1 Dodging
 - Level 1.5 Stealth
 + Level 2.9 Spellcasting


You couldn't memorise any spells.
You knew the following spells:

 Your Spells              Type           Power      Damage    Failure   Level
a - Sting                 Tmut/Pois      44%        1d5       6%          1
b - Poisonous Vapours     Pois/Air       22%        N/A       9%          2
c - Mephitic Cloud        Conj/Pois/Air  11%        N/A       17%         3
d - Ignite Poison         Fire/Tmut/Pois 11%        N/A       17%         3
e - Olgreb's Toxic Radia  Pois           11%        N/A       50%         4
Your spell library was empty.

Dungeon Overview and Level Annotations

Branches:
Dungeon (2/15)

Altars:

Annotations:
D:2 Terence


Innate Abilities, Weirdness & Mutations

You are immune to poison.
Your flesh is very heat resistant. (rF++)
You are vulnerable to cold. (rC-)
You float through the air rather than walking.
You learn spells naturally, not from books.
Your magical power is your life essence.
You have superior vitality. (+4 HP)


Message History

Welcome, EnegeticOcto the Djinni Venom Mage.
It is said that the Orb of Zot exists deep within this dungeon.
Press ? for a list of commands and other information.
Found a staircase leading out of the dungeon.
You begin with the following spells memorised: Sting, Poisonous Vapours, Mephitic Cloud, Ignite Poison, Olgreb's Toxic Radiance.
You reach down and open the door.
Found a stone staircase leading down.
There is an open door here.
Found a scroll labelled BOG MOACZUU.
There is a stone staircase leading down here.
b - a scroll labelled BOG MOACZUU
(D) Dungeon
Where to? (? - help)
There is a stone staircase leading down here.
You fly downwards.
Found a scroll labelled YSOASUPUKU and 15 gold pieces.
There is a stone staircase leading up here.
c - a scroll labelled YSOASUPUKU You now have 15 gold pieces.
A bat comes into view.
An endoplasm comes into view.
Cast which spell? (? or * to list)
Aiming: Sting (safe; 6% risk of failure)
Press: ? - help, Shift-Dir - straight line, f - endoplasm
Aim: an endoplasm (asleep, 0% to evade)
The sting hits the endoplasm.
The endoplasm partially resists.
The endoplasm is poisoned.
The endoplasm is moderately wounded.
The endoplasm quivers.
The endoplasm hits you but does no damage.
Casting: Sting (safe; 6% risk of failure)
Confirm with . or Enter, or press ? or * to list all spells.
Aiming: Sting (safe; 6% risk of failure)
Press: ? - help, Shift-Dir - straight line, f/p - endoplasm
Aim: an endoplasm (moderately wounded, poisoned, 2% to evade)
The sting hits the endoplasm.
The endoplasm partially resists.
The endoplasm looks even sicker.
The endoplasm is heavily wounded.
The endoplasm hits you but does no damage.
You kill the endoplasm!
A rat comes into view.
Found a scroll labelled UTOGEDDUAL.
A kobold comes into view. It is wielding a +0 dagger.
Found 8 gold pieces.
A bat comes into view.
Casting: Sting (safe; 6% risk of failure)
Confirm with . or Enter, or press ? or * to list all spells.
Aiming: Sting (safe; 6% risk of failure)
Press: ? - help, Shift-Dir - straight line, f - rat
Aim: a rat (29% to evade)
The sting hits the rat.
The rat is poisoned.
The rat is severely wounded.
The kobold shouts!
You kill the rat!
A hound comes into view.
The hound barks!
Terence the Incautious comes into view.
He is wielding a +0 mace.
The bat hits you. The bat barely misses you.
Casting: Sting (safe; 6% risk of failure)
Confirm with . or Enter, or press ? or * to list all spells.
Aiming: Sting (safe; 6% risk of failure)
Press: ? - help, Shift-Dir - straight line, f - bat
Aim: a bat (43% to evade)
The sting hits the bat.
The bat is poisoned.
The bat is severely wounded.
A bat comes into view.
The bat hits you but does no damage. The bat barely misses you.
You kill the bat!
Found 11 gold pieces.
Casting: Sting (safe; 6% risk of failure)
Confirm with . or Enter, or press ? or * to list all spells.
Aiming: Sting (safe; 6% risk of failure)
Press: ? - help, Shift-Dir - straight line, f - hound
Aim: a hound (40% to evade)
The sting hits the hound.
The hound is poisoned.
The hound is moderately wounded.
The hound barely misses you. x2
Casting: Sting (safe; 6% risk of failure)
Confirm with . or Enter, or press ? or * to list all spells.
Aiming: Sting (safe; 6% risk of failure)
Press: ? - help, Shift-Dir - straight line, f/p - hound
Aim: a hound (moderately wounded, poisoned, 40% to evade)
You miscast Sting.
You are very lightly contaminated with residual magic.
Nothing appears to happen.
The hound barely misses you.
Casting: Sting (safe; 6% risk of failure)
Confirm with . or Enter, or press ? or * to list all spells.
Aiming: Sting (safe; 6% risk of failure)
Press: ? - help, Shift-Dir - straight line, f/p - hound
Aim: a hound (moderately wounded, poisoned, 40% to evade)
The sting hits the hound.
The hound looks even sicker.
The hound is moderately wounded.
The hound closely misses you. The hound bites you.
* * * LOW HITPOINT WARNING * * *
The hound stops to sniff the ground.
The hound misses you. The hound bites you.
You die...

#..........#........
#............b......
#######.............
##............
###...........
##...##........
#..#.##....b...
#####K##.##........
#.@h..##.$.........
#...#########..$.....
#..# #.......# ##. #


You could see a hound (poisoned) and a kobold.

Vanquished Creatures
  A bat (D:2)
  An endoplasm (D:2)
  A rat (D:2)
3 creatures vanquished.

Notes
Turn   | Place    | Note
-------+----------+-------------------------------------------
     0 | D:1      | EnegeticOcto the Djinni Venom Mage began the quest for the
                  | Orb.
     0 | D:1      | Reached XP level 1. HP: 15/15 MP: 0/0
    36 | D:2      | Noticed a hound
    37 | D:2      | Noticed Terence
    50 | D:2      | Slain by a hound

Illustrated notes

Levels and vault maps discovered:
D:1:      minmay_arrival_statue_studded, layout_loops_ring,
          basic_ecumenical_altar
D:2:      layout_rooms, uniq_terence

Action                   || total
-------------------------++-------
 Cast: Sting             ||     6
Armor: Robe              ||     3
Dodge: Dodged            ||     7

Table legend: (Time is in decaauts)
 A = Elapsed time spent in this place.
 B = Non-inter-level travel time spent in this place.
 C = Inter-level travel time spent in this place.
 D = Time resting spent in this place.
 E = Time spent auto-exploring this place.
 F = Levels seen in this place.
 G = Mean time per level.
                   A        B        C        D        E       F      G
               +--------+--------+--------+--------+--------+-----+--------+
         Total |     49 |     45 |      4 |      0 |      0 |   2 |   24.5 |
       Dungeon |     49 |     45 |      4 |      0 |      0 |   2 |   24.5 |
               +--------+--------+--------+--------+--------+-----+--------+

Top non-repeatable levels by time:
     D:2: 31 daAuts
     D:1: 18 daAuts
